 Dungeon Crawl Stone Soup version 0.30-b1-2-g02819fbbbe (webtiles) character file.

Game seed: 5429781774977945825

11 Alarkh the Charlatan (level 2, 22/22 HPs)
             Began as a Demonspawn Artificer on Nov 26, 2023.
             Got out of the dungeon alive.
             The game lasted 00:00:24 (533 turns).

Alarkh the Charlatan (Demonspawn Artificer)          Turns: 533, Time: 00:00:24

Health: 22/22      AC:  4    Str: 12    XL:     2   Next: 17%
Magic:  2/2        EV: 11    Int: 12    God:
Gold:   32         SH:  0    Dex: 13    Spells: 1/1 levels left

rFire   . . .        a - +0 short sword
rCold   . . .        (no shield)
rNeg    . . .        b - +0 leather armour
rPois   .            (no helmet)
rElec   .            (no cloak)
rCorr   .            f - +0 pair of gloves
SInv    .            (no boots)
Will    .....        (no amulet)
Stlth   +            (no ring)
HPRegen 0.23/turn    (no ring)
MPRegen 0.08/turn

%: no passive effects
@: no status effects
A: hooves 1
a: no special abilities


You escaped.
You visited 1 branch of the dungeon, and saw 1 of its levels.

You collected 32 gold pieces.

Inventory:

Hand Weapons
 a - a +0 short sword (weapon)
 g - a +0 club
Armour
 b - a +0 leather armour (worn)
 f - a +0 pair of gloves (worn)
Wands
 c - a wand of flame (15) (quivered)
 d - a wand of charming (15)
 e - a wand of iceblast (5)


   Skills:
 + Level 2.2 Fighting
 - Level 1.7 Armour
 - Level 0.8 Dodging
 - Level 0.8 Stealth
 - Level 3.0 Evocations


You had one spell level left.
You didn't know any spells.
Your spell library was empty.

Dungeon Overview and Level Annotations

Branches:
Dungeon (1/15)

Altars:


Innate Abilities, Weirdness & Mutations

You have large cloven feet.


Message History

The endoplasm freezes you.
You are frozen.
You hit the endoplasm.
The endoplasm is almost dead.
The endoplasm barely misses you.
You hit the endoplasm.
You kill the endoplasm!
You have reached level 2!
Your demonic ancestry asserts itself...
Your feet thicken and deform.
A giant cockroach comes into view.
A goblin comes into view. It is wielding a +0 club.
The goblin shouts!
The giant cockroach misses you.
You hit the giant cockroach but do no damage.
Your kick misses the giant cockroach.
The giant cockroach bites you but does no damage.
You hit the giant cockroach.
You kill the giant cockroach!
The goblin closely misses you.
You barely miss the goblin. You kick the goblin.
The goblin is moderately wounded.
The goblin misses you.
You hit the goblin. You kick the goblin.
You kill the goblin!
No target in view!
No target in view!
No target in view!
No target in view!
No target in view!
No target in view!
No target in view!
Things that are here:
a +0 club; a goblin corpse
There is an open door here.
There is an open door here.
There is an open door here.
There is a staircase leading out of the dungeon here.
Are you sure you want to leave the Dungeon?
This will make you lose the game!
You have escaped!

.#......#####.#..........##
.####.#.......##########.#
.# #.........# #...#.# .#
#.........# #.8.#.## .#
##........# #...#..# .#
#........# ###+###.# .#
#.......>#####.....'.#
.#####.......##...#.....#.#
.....#.......##.@.'..8..#.#
####.# #...#.....#.# #.#
#####.....+.# #.# ###+#####
# #.# #...# # #.# #.8.# #
#.# #...# # #.# ##### # #.#


There were no monsters in sight!

Vanquished Creatures
  3 endoplasms (D:1)
  2 giant cockroaches (D:1)
  2 goblins (D:1)
  A quokka (D:1)
  A frilled lizard (D:1)
9 creatures vanquished.

Notes
Turn   | Place    | Note
-------+----------+-------------------------------------------
     0 | D:1      | Alarkh the Demonspawn Artificer began the quest for the
                  | Orb.
     0 | D:1      | Reached XP level 1. HP: 15/15 MP: 1/1
    61 | D:1      | Found a faded altar of an unknown god.
   423 | D:1      | Gained mutation: You have large cloven feet. [demonic
                  | ancestry]
   423 | D:1      | Reached XP level 2. HP: 18/22 MP: 2/2
   533 | D:$      | Got out of the dungeon alive.

Illustrated notes

Levels and vault maps discovered:
D:1:      minmay_arrival_stair_chambers, layout_basic,
          shapermc_ecumenical_altar_mp_highgroup, minmay_misc_feat_ornament

Skill      XL: |  1 |
---------------+----+-----
Fighting       | 2 |  2.2
Armour         | |  1.7
Dodging        | |  0.8
Stealth        | |  0.8
Evocations     | |  3.0

Action                     || total
---------------------------++-------
  Melee: Club              ||    30
         Short sword       ||    19
         Kick              ||     2
   Stab: Sleeping          ||     1
 Armour: Leather armour    ||    10
  Dodge: Dodged            ||    33
